 Dungeon Sprint DCSS version 0.29.1-12-g30fa7ad0bf (webtiles) character file.

Game seed: 14913552952098803664

494 boopmooplesden the Carver (level 6, -3/68 HPs)
             Began as a Minotaur Berserker on Dec 16, 2022.
             Was an Elder of Trog.
             Slain by a two-headed ogre
             ... wielding a +0 giant club
              (23 damage)
             ... in the Dungeon (Sprint IX: "|||||||||||||||||||||||||||||").
             The game lasted 00:00:53 (340 turns).

boopmooplesden the Carver (Minotaur Berserker)       Turns: 340, Time: 00:00:54

Health: -3/68      AC: 10    Str: 24    XL:     6   Next: 92%
Magic:  5/5        EV: 12    Int:  4    God:    Trog [****..]
Gold:   0          SH:  0    Dex: 12    Spells: 5/5 levels left

rFire   . . .      SeeInvis .   k - +2 scimitar (holy)
rCold   . . .      Faith    .   (no shield)
rNeg    . . .      Spirit   .   l - +1 scale mail
rPois   .          Reflect  .   (helmet restricted)
rElec   .          Harm     .   (no cloak)
rCorr   .          Rampage  .   (no gloves)
Will    ++...      NoTele   +   (no boots)
Stlth   ..........              (no amulet)
HPRegen 1.21/turn               n - +3 ring of dexterity
MPRegen 0.09/turn               m - +2 ring of protection

@: strong-willed (expiring), on berserk cooldown, regenerating (expiring),
slowed, very slow
A: horns 2, retaliatory headbutt
a: Renounce Religion, Berserk, Trog's Hand, Brothers in Arms


You were in the Dungeon.
You worshipped Trog.
Trog was greatly pleased with you.
You visited 1 branch

Inventory:

Hand Weapons
 a - a +0 falchion
 k - a +2 scimitar of holy wrath (weapon)
Armour
 b - a +0 animal skin
 l - a +1 scale mail (worn)
Jewellery
 m - a +2 ring of protection (right hand)
 n - a +3 ring of dexterity (left hand)
Wands
 j - a wand of iceblast (10)
Scrolls
 h - 2 scrolls of blinking
Potions
 c - 5 potions of curing
 d - 3 potions of heal wounds
 e - a potion of haste
 f - 4 potions of magic
 g - a potion of berserk rage
 i - a potion of invisibility


   Skills:
 + Level 11.4 Fighting
 + Level 12.1 Long Blades
 + Level 6.0 Armour
 + Level 5.6 Dodging


You had 5 spell levels left.
You didn't know any spells.
Your spell library was empty.

Dungeon Overview and Level Annotations

Branches:
Dungeon (1/1)

Altars:
Cheibriados
Dithmenos
Elyvilon
Fedhas
Gozag
Hepliaklqana
Kikubaaqudgha
Makhleb
Nemelex Xobeh
Okawaru
Qazlal
Ru
Sif Muna
Trog
Uskayaw
Vehumet
Wu Jian
Xom
Yredelemnul
Zin
The Shining One
Jiyva
Lugonu


Innate Abilities, Weirdness & Mutations

You have a pair of horns on your head.
You reflexively headbutt those who attack you in melee.


Message History

You feel yourself slow down. The wraith closely misses you.
You furiously retaliate!
You headbutt the wraith. You hit the wraith but do no damage.
The wraith is heavily damaged.
You feel sick.
You are no longer poisoned.
The wraith barely misses you.
You hit the wraith but do no damage. You headbutt the wraith!
The wraith is almost destroyed.
The wraith hits you but does no damage. The wraith hits you.
The wraith drains your vigour!
You feel as though you will be slow longer.
You hit the wraith but do no damage.
The wraith is almost destroyed.
The wraith closely misses you.
You hit the wraith but do no damage.
The wraith is almost destroyed.
You feel the effects of Trog's Hand fading.
The wraith closely misses you.
You slash the wraith!
You destroy the wraith!
Trog accepts your kill. The two-headed ogre closely misses you.
You furiously retaliate!
You headbutt the two-headed ogre.
The two-headed ogre hits you with a +0 dire flail of holy wrath!
Your Fighting skill increases to level 11!
Your Long Blades skill increases to level 12!
Your Armour skill increases to level 6!
You slash the two-headed ogre!
The two-headed ogre is lightly wounded.
You slash the two-headed ogre! You headbutt the two-headed ogre!
The two-headed ogre is heavily wounded.
The two-headed ogre misses you. You furiously retaliate!
You headbutt the two-headed ogre, but do no damage.
The two-headed ogre hits you with a +0 dire flail of holy wrath!!
* * * LOW HITPOINT WARNING * * *
You hit the two-headed ogre. You headbutt the two-headed ogre.
The two-headed ogre is severely wounded.
The two-headed ogre hits you with a +0 giant club!!
You die... ▓▓▓▓▓▓▓▓▓▓▓▓▓▓▓▓▓▓▓▓▓▓▓▓ +....yO@...[[.)?.'______ ▓▓▓▓▓▓▓▓▓▓▓▓▓▓▓▓▓▓▓▓▓▓▓▓

You could see a two-headed ogre and a killer bee.

Vanquished Creatures
  A wraith (D)
  An orc warrior (D)
  An ogre (D)
  A centaur (D)
  A killer bee (D)
  A jelly (D)
  An adder (D)
  An orc (D)
  A bat (D)
  An endoplasm (D)
  A goblin (D)
  A quokka (D)
  2 kobolds (D)
14 creatures vanquished.

Notes
Turn   | Place    | Note
-------+----------+-------------------------------------------
     0 | D        | boopmooplesden the Minotaur Berserker began the quest for
                  | the Orb.
     0 | D        | Reached XP level 1. HP: 19/19 MP: 0/0
     8 | D        | Reached skill level 4 in Long Blades
     9 | D        | Reached ** piety under Trog
   239 | D        | Noticed an ogre
   239 | D        | Noticed a jelly
   241 | D        | Killed a jelly
   242 | D        | Reached skill level 5 in Fighting
   242 | D        | Reached skill level 6 in Long Blades
   242 | D        | Reached XP level 2. HP: 30/30 MP: 1/1
   242 | D        | Reached XP level 3. HP: 37/37 MP: 2/2
   245 | D        | Killed an ogre
   245 | D        | Reached *** piety under Trog
   246 | D        | Reached skill level 8 in Long Blades
   246 | D        | Reached XP level 4. HP: 48/48 MP: 3/3
   257 | D        | Found a snail-covered altar of Cheibriados.
   257 | D        | Found a shadowy altar of Dithmenos.
   257 | D        | Found a white marble altar of Elyvilon.
   257 | D        | Found a blossoming altar of Fedhas.
   257 | D        | Found an opulent altar of Gozag.
   258 | D        | Found a hazy altar of Hepliaklqana.
   259 | D        | Found a viscous altar of Jiyva.
   260 | D        | Found an ancient bone altar of Kikubaaqudgha.
   261 | D        | Found a corrupted altar of Lugonu.
   262 | D        | Found a burning altar of Makhleb.
   263 | D        | Found a sparkling altar of Nemelex Xobeh.
   264 | D        | Found an iron altar of Okawaru.
   265 | D        | Found a stormy altar of Qazlal.
   266 | D        | Found a sacrificial altar of Ru.
   267 | D        | Found a shimmering blue altar of Sif Muna.
   268 | D        | Found a bloodstained altar of Trog.
   269 | D        | Found a hide-covered altar of Uskayaw.
   270 | D        | Found a radiant altar of Vehumet.
   271 | D        | Found an ornate altar of the Wu Jian Council.
   272 | D        | Found a shimmering altar of Xom.
   273 | D        | Found a basalt altar of Yredelemnul.
   274 | D        | Found a glowing silver altar of Zin.
   275 | D        | Found a glowing golden altar of the Shining One.
   316 | D        | Noticed a two-headed ogre
   316 | D        | Noticed a wraith
   316 | D        | Noticed an orc warrior
   316 | D        | Noticed a centaur
   319 | D        | Killed a centaur
   320 | D        | Reached skill level 9 in Long Blades
   320 | D        | Reached XP level 5. HP: 57/57 MP: 4/4
   321 | D        | Reached **** piety under Trog
   322 | D        | Reached skill level 10 in Long Blades
   330 | D        | Killed an orc warrior
   331 | D        | Reached skill level 10 in Fighting
   331 | D        | Reached skill level 11 in Long Blades
   331 | D        | Reached skill level 5 in Armour
   331 | D        | Reached skill level 5 in Dodging
   331 | D        | Reached XP level 6. HP: 63/67 MP: 5/5
   337 | D        | Killed a wraith
   338 | D        | Reached skill level 12 in Long Blades
   340 | D        | Slain by a two-headed ogre

Illustrated notes

Levels and vault maps discovered:
D:        linesprint [early_d, line_temple, items_1, d_10, items_2, lair_1,
          lair_end, items_3, orc_1, orc_end, items_4, d_15, swamp_1, shoals_1,
          snake_1, spider_1, d_20, vaults_1, items_5, swamp_end, shoals_end,
          snake_end, spider_end, vaults_end, d_27, items_6, zot_1, zot_end,
          crypt_end, forest_end, elf_end, slime_end, tomb_end, abyss_end,
          pan_hell_end]

Skill      XL: |  1  2  3  4  5  6 |
---------------+-------------------+-----
Fighting       | 5 7 9 10 11 | 11.4
Long Blades    | 6 8 9 11 12 | 12.1
Armour         | 3 4 5 6 |  6.0
Dodging        | 3 4 5 |  5.6

Action                   |  1- 3 |  4- 6 || total
-------------------------+-------+-------++-------
Melee: Falchion          |    14 |     5 ||    19
       Headbutt          |     1 |     5 ||     6
       Scimitar          |       |    23 ||    23
Invok: Berserk           |     1 |     1 ||     2
       Trog's Hand       |       |     1 ||     1
Armor: Animal skin       |     2 |       ||     2
       Scale mail        |       |     1 ||     1
Dodge: Dodged            |     7 |    10 ||    17
